 Dungeon Crawl Stone Soup version 0.29-a0-541-gaf1fc19f1b (webtiles) character file.

Game seed: 5569121607793846746

21 Essalna the Sneak (level 2, 0/13 HPs)
             Began as a Spriggan Enchanter on June 2, 2022.
             Slain by a jackal (3 damage)
             ... on level 1 of the Dungeon.
             The game lasted 00:01:50 (923 turns).

Essalna the Sneak (Spriggan Enchanter)               Turns: 923, Time: 00:01:51

Health: 0/13       AC:  2    Str:  4    XL:     2   Next: 65%
Magic:  6/6        EV: 17    Int: 16    God:
Gold:   19         SH:  0    Dex: 15    Spells: 6/6 levels left

rFire   . . .      SeeInvis +   a - +1 dagger
rCold   . . .      Faith    .   (no shield)
rNeg    . . .      Spirit   .   b - +0 robe
rPois   .          Reflect  .   (helmet restricted)
rElec   .          Harm     .   (no cloak)
rCorr   .          Rampage  .   (gloves unavailable)
Will    .....                   (boots unavailable)
Stlth   +++.......              (no amulet)
HPRegen 0.04/turn               (no ring)
MPRegen 0.10/turn               (no ring)

@: invisible, very quick
A: very small, no large weapons, unfitting armour, see invisible, speed 3
a: no special abilities


You were on level 1 of the Dungeon.
You visited 1 branch of the dungeon, and saw 2 of its levels.

You collected 19 gold pieces.

Inventory:

Hand Weapons
 a - a +1 dagger (weapon)
Missiles
 f - 3 poisoned darts (quivered)
Armour
 b - a +0 robe (worn)
Potions
 c - 2 potions of invisibility
 d - a potion of curing {unknown}
 e - a potion of attraction {unknown}


   Skills:
 + Level 1.7 Short Blades
 + Level 3.2 Dodging
 + Level 4.9 Stealth
 - Level 2.6 Spellcasting
 + Level 3.9 Hexes


You had 6 spell levels left.
You didn't know any spells.
Your spell library contained the following spells:

 Spells                   Type           Power      Damage    Failure   Level
 Confusing Touch          Hex            14%        N/A       12%         3
 Tukima's Dance           Hex            14%        N/A       12%         3
 Ensorcelled Hibernation  Hex/Ice        16%        N/A       13%         2
 Dazzling Flash           Conj/Hex       16%        N/A       26%         3


Dungeon Overview and Level Annotations

Branches:
Dungeon (2/15)

Altars:


Innate Abilities, Weirdness & Mutations

You are very small and have problems with some larger weapons.
You are too small for most types of armour.
You have supernaturally acute eyesight. (SInv)
You cover ground extremely quickly. (Speed+++)


Message History

A quokka comes into view.
Found 10 gold pieces and 17 stones.
The jackal barks!
You hear a bark!
The frilled lizard hisses angrily.
You hear an angry hiss.
You hear a bark!
You hear an angry hiss.
A bat comes into view.
The bat completely misses you. The frilled lizard closely misses you.
The bat moves out of view.
You hear an angry hiss.
You hear a bark!
You hit the bat.
You kill the bat!
The frilled lizard closely misses you. The jackal barely misses you.
The jackal bites you but does no damage.
The jackal bites you.
You hit the jackal but do no damage.
The jackal bites you but does no damage.
You barely miss the jackal. The jackal barely misses you.
The jackal closely misses you.
You hit the jackal.
The jackal is moderately wounded.
The jackal completely misses you. The quokka closely misses you.
You closely miss the jackal.
The jackal is moderately wounded.
The jackal barely misses you. The quokka misses you. The quokka bites you.
You fade into invisibility!
The jackal closely misses you.
You are too injured to fight recklessly!
You are too injured to fight recklessly!
You hit the jackal but do no damage.
The jackal is moderately wounded.
You closely miss the jackal.
The jackal barks!
The jackal is moderately wounded.
The jackal bites you.
* * * LOW HITPOINT WARNING * * *
You closely miss the jackal.
The jackal is moderately wounded.
The jackal bites you.
You die...

##...............##
#...#..#.<.#..#...#
##.).............##
#....#.#.#.#...#..#
##...........#...##
#.....#....#......#
##.......#.......##
#......#..........#
##..............@####
..#.#.#.#.#.#.#.#hJb#
#.###############r#.#
. . #l#.## ...
#...r#.... ##......#
#...#### #..$..†.#
#.###......


You could see an endoplasm, a quokka (can't see you), a jackal (can't see you),
a bat and a frilled lizard (can't see you).

Vanquished Creatures
  A dart slug (D:1)
  A ball python (D:1)
  2 bats (D:1)
  An endoplasm (D:1)
  2 giant cockroaches (D:1)
  2 goblins
  2 hobgoblins (D:1)
  A quokka (D:1)
  2 kobolds (D:1)
  4 rats
18 creatures vanquished.

Notes
Turn   | Place    | Note
-------+----------+-------------------------------------------
     0 | D:1      | Essalna the Spriggan Enchanter began the quest for the Orb.
     0 | D:1      | Reached XP level 1. HP: 9/9 MP: 5/5
   238 | D:1      | Found a faded altar of an unknown god.
   263 | D:1      | Reached XP level 2. HP: 13/13 MP: 6/6
   923 | D:1      | Slain by a jackal

Illustrated notes

Levels and vault maps discovered:
D:1:      co_arrival_square_in_a_square_in_a_square, layout_basic,
          shapermc_ecumenical_altar_venn, minmay_bisected
D:2:      layout_loops_ring, chequers_serial_rivers_room_a

Skill      XL: |  1 |
---------------+----+-----
Dodging        | 3 |  3.2
Short Blades   | |  1.7
Stealth        | |  4.9
Spellcasting   | |  2.6
Hexes          | |  3.9

Action                   || total
-------------------------++-------
Melee: Dagger            ||    63
       Punch             ||     1
  Use: Potion            ||     1
 Stab: Sleeping          ||     2
       Distracted        ||     1
Armor: Robe              ||     6
Dodge: Dodged            ||    43

Table legend: (Time is in decaauts)
 A = Elapsed time spent in this place.
 B = Non-inter-level travel time spent in this place.
 C = Inter-level travel time spent in this place.
 D = Time resting spent in this place.
 E = Time spent auto-exploring this place.
 F = Levels seen in this place.
 G = Mean time per level.
                   A        B        C        D        E       F      G
               +--------+--------+--------+--------+--------+-----+--------+
         Total |    808 |    795 |     13 |      0 |    653 |   2 |  404.0 |
       Dungeon |    808 |    795 |     13 |      0 |    653 |   2 |  404.0 |
               +--------+--------+--------+--------+--------+-----+--------+

Top non-repeatable levels by time:
     D:1: 594 daAuts
     D:2: 213 daAuts
